 Dungeon Crawl Stone Soup version 0.17-a0-776-gd86b262 (webtiles) character file.

627 inmateoo the Sneak (level 7, 0/36 HPs)
             Began as a Vine Stalker Necromancer on Apr 24, 2015.
             Succumbed to a water moccasin's poison
             ... on level 4 of the Dungeon.
             The game lasted 00:06:05 (3270 turns).

inmateoo the Sneak (Vine Stalker Necromancer)       Turns: 3270, Time: 00:06:05

Health: 0/36       AC:  9    Str: 11    XL:     7   Next: 47%
Magic:  6/14       EV: 13    Int: 17    God:
Gold:   230        SH:  0    Dex: 14    Spells: 4 memorised, 3 levels left

rFire  . . .     SeeInvis .     v - +2 dagger (pain)
rCold  . . .     Clarity  .     a - +0 robe
rNeg   . . .     SustAb   .     (no shield)
rPois  .         Gourm    .     n - +0 helmet
rElec  .         Spirit   +     (no cloak)
rCorr  .         Warding  .     (no gloves)
rMut   .         Stasis   .     (no boots)
MR     .....                    (no amulet)
Stlth  +++.......               (no ring)
                                u - +5 ring of protection

@: lethally poisoned (0 -> -24), not resistant to hostile enchantments, fairly
stealthy
A: fangs 2, regeneration 2, shaggy fur 1, magic shield, antimagic bite, no
device heal 3, rot immunity
a: no special abilities


You were on level 4 of the Dungeon.
You were hungry.

You visited 1 branch of the dungeon, and saw 5 of its levels.

You collected 230 gold pieces.

Inventory:

Hand weapons
 f - a +2 dagger of draining
 h - a +0 dagger of venom
 l - a +0 blowgun
 v - a +2 dagger of pain (weapon)
Missiles
 e - 30 poisoned needles
Armour
 a - a +0 robe (worn)
 n - a +0 helmet (worn)
Jewellery
 u - a +5 ring of protection (left hand)
Magical devices
 p - a wand of digging (13)
Scrolls
 i - 4 scrolls of remove curse
 s - 2 scrolls of recharging
 w - a scroll of fog {unknown}
 y - a scroll of blinking {unknown}
Potions
 d - a potion of brilliance
 g - a potion of restore abilities
 j - 4 potions of might {unknown}
 k - 3 potions of curing {unknown}
 m - a potion of poison {unknown}
 o - a potion of mutation {unknown}
 q - a potion of invisibility {unknown}
 x - 2 potions of heal wounds {unknown}
 z - a potion of beneficial mutation {unknown}
Books
 b - a book of Necromancy

   Spells                             Type                      Level
   a - Pain                           Necromancy                   1
   b - Animate Skeleton               Necromancy                   1
   c - Vampiric Draining              Necromancy                   3
   d - Regeneration                   Charms/Necromancy            3
   e - Animate Dead                   Necromancy                   4
   f - Control Undead                 Necromancy                   4
Comestibles
 c - 2 bread rations
 r - a meat ration
 t - a slice of pizza


   Skills:
 + Level 3.1 Fighting
 + Level 3.2 Dodging
 - Level 5.3 Stealth
 + Level 4.1 Spellcasting
 + Level 5.0 Necromancy


You had 3 spell levels left.
You knew the following spells:

 Your Spells              Type           Power        Failure   Level  Hunger
a - Pain                  Necr           ###.         1%          1    None
b - Vampiric Draining     Necr           ###.......   8%          3    ###....
c - Regeneration          Chrm/Necr      ##........   17%         3    ###....
d - Control Undead        Necr           ###.......   21%         4    ####...


Dungeon Overview and Level Annotations

Branches:
Dungeon (5/15)
 Temple: D:4-7

Altars:


Innate Abilities, Weirdness & Mutations

You have extremely sharp teeth.
You heal very quickly.
You are covered in fur (AC +1).
When hurt, damage is shared between your health and your magic reserves.
Your bite disrupts and absorbs the magic of your enemies.
Potions and wands cannot restore your health.
You are immune to rotting.


Message History

The water moccasin is almost dead.
* * * LOW HITPOINT WARNING * * *
You feel sick. The water moccasin bites you.
* * * LOW HITPOINT WARNING * * *
You are more poisoned.
The water moccasin poisons you!
You miss the water moccasin. You bite the water moccasin. You drain its power.
You feel invigorated.
The water moccasin is almost dead.
* * * LOW HITPOINT WARNING * * *
You feel sick.
The water moccasin bites you but does no damage.
The water moccasin bites you!
* * * LOW HITPOINT WARNING * * *
You are more poisoned.
The water moccasin poisons you!
Unknown command.
You miss the water moccasin. Your bite misses the water moccasin.
The water moccasin is almost dead.
You die...

.............###..# #.#....#
.....#.###.###....#####.#....#
##...#.....# #.#........)....#
.....##.##.###.########.#.#..#
.....#.........########.#.#..#
.....#..................#.#..#
######.##################.####
.......### #####.......#
##.......######.@S......###
##.......+....#.........#
##.......####.#.........#
..............'.........#
##........###+#.........#
..........##............#
##........##............#
.#......................#
.##.##....#.#'#.........#


You could see a water moccasin.

Vanquished Creatures
  Sigmund (D:2)
  An ogre (D:4)
  A scorpion (D:4)
  2 orc wizards (D:3)
  2 orc priests
  Natasha (thrice) (D:4)
  A hound skeleton (D:4)
  Robin (D:1)
  5 adders
  A worm (D:2)
  2 giant geckos
  11 orcs
  11 bats
  A bat skeleton (D:4)
  2 giant cockroaches
  16 goblins
  10 hobgoblins
  2 jackals (D:1)
  10 kobolds
  3 ball pythons
  3 giant newts
  2 quokkas
  12 rats (D:1)
103 creatures vanquished.

Notes
Turn   | Place    | Note
--------------------------------------------------------------
     0 | D:1      | inmateoo, the Vine Stalker Necromancer, began the quest for the Orb.
     0 | D:1      | Reached XP level 1. HP: 9/9 MP: 4/4
   169 | D:1      | Reached XP level 2. HP: 14/14 MP: 6/6
   428 | D:1      | Reached XP level 3. HP: 12/17 MP: 7/7
   877 | D:2      | Reached skill level 1 in Fighting
   889 | D:2      | Noticed Robin
   921 | D:1      | Killed Robin
  1058 | D:2      | Reached XP level 4. HP: 22/22 MP: 7/9
  1123 | D:2      | Noticed Sigmund
  1137 | D:2      | Killed Sigmund
  1137 | D:2      | Reached XP level 5. HP: 11/26 MP: 5/10
  1283 | D:2      | Gained mutation: You heal very quickly. [Vine Stalker growth]
  1283 | D:2      | Reached XP level 6. HP: 30/30 MP: 11/11
  1359 | D:2      | Learned a level 3 spell: Vampiric Draining
  1363 | D:2      | Learned a level 3 spell: Regeneration
  1368 | D:2      | Learned a level 4 spell: Control Undead
  2379 | D:4      | Reached skill level 5 in Stealth
  2379 | D:4      | Reached XP level 7. HP: 26/35 MP: 11/13
  2416 | D:4      | Noticed Natasha
  2427 | D:4      | Killed Natasha
  2482 | D:4      | Noticed Natasha
  2491 | D:4      | Killed Natasha
  2845 | D:4      | Reached skill level 5 in Necromancy
  2992 | D:4      | Noticed Natasha
  2996 | D:4      | Killed Natasha
  3220 | D:5      | Entered Level 5 of the Dungeon
  3270 | D:4      | Succumbed to a water moccasin's poison

Action                   |  1- 3 |  4- 6 |  7- 9 || total
-------------------------+-------+-------+-------++-------
Melee: Unarmed           |    21 |       |       ||    21
       Dagger            |    77 |   110 |   102 ||   289
 Cast: Pain              |     3 |       |       ||     3
  Use: Scroll            |       |     5 |       ||     5
 Stab: Sleeping          |     6 |     8 |     6 ||    20
  Eat: Chunk             |     1 |     3 |     3 ||     7
